 Dungeon Crawl Stone Soup version 0.24.0-1-gfbc8707122 (webtiles) character file.

Game seed: 9045132747314195347, levelgen mode: deterministic

624 Johnny the Digger (level 7, -6/50 HPs)
             Began as a Demigod Earth Elementalist on Oct 27, 2019.
             Mangled by a crimson imp
             ... wielding a +2 dagger of chaos
              (13 damage)
             ... on level 3 of the Dungeon.
             The game lasted 00:05:49 (3260 turns).

Johnny the Digger (Demigod Earth Elementalist)      Turns: 3260, Time: 00:05:49

Health: -6/50      AC:  2    Str: 13    XL:     7   Next: 2%
Magic:  1/16       EV: 12    Int: 21    God:
Gold:   106        SH:  0    Dex: 16    Spells: 8/14 levels left

rFire    . . .     SeeInvis .   i - +4 dagger (venom)
rCold    . . .     Gourm    .   (no shield)
rNeg     + . .     Faith    +   l - +0 robe {rN+}
rPois    .         Spirit   .   (no helmet)
rElec    .         Reflect  .   (no cloak)
rCorr    .         Harm     .   (no gloves)
MR       .....                  (no boots)
Stlth    ++........             h - amulet of faith (curse)
HPRegen  0.16/turn              (no ring)
MPRegen  0.15/turn              (no ring)

@: very slightly contaminated
A: high mp 1
a: no special abilities


You were on level 3 of the Dungeon.
You were very hungry.

You visited 1 branch of the dungeon, and saw 3 of its levels.

You collected 106 gold pieces.

Inventory:

Hand Weapons
 i - a +4 dagger of venom (weapon)
 n - a +0 spear
Armour
 l - a +0 robe of positive energy (worn)
Jewellery
 h - a cursed amulet of faith (around neck)
Wands
 o - a wand of flame (13)
Scrolls
 b - a scroll of identify
 c - a scroll of enchant weapon {unknown}
 f - 2 scrolls of teleportation
 g - 2 scrolls of amnesia
 k - a scroll of immolation {unknown}
 m - 5 scrolls of fog
 p - a scroll of random uselessness {unknown}
 s - 2 scrolls of remove curse {unknown}
Potions
 e - 2 potions of agility
 j - 2 potions of brilliance
 r - a potion of lignification
 t - a potion of haste
Comestibles
 d - 7 rations


   Skills:
 - Level 1.7 Dodging
 - Level 1.7 Stealth
 + Level 4.1 Spellcasting
 - Level 0.8 Transmutations
 * Level 6.5 Earth Magic


You had 8 spell levels left.
You knew the following spells:

 Your Spells              Type           Power        Failure   Level  Hunger
a - Sandblast             Erth           ####..       1%          1    None
b - Stone Arrow           Conj/Erth      ###...       10%         3    ###....
c - Passwall              Tmut/Erth      ###.....     4%          2    #......

Your spell library contained the following spells:

 Spells                   Type           Power        Failure   Level  Hunger
 Lee's Rapid Deconstruct  Erth           ####......   22%         5    ######.
 Petrify                  Tmut/Erth      ###.....     26%         4    ####...


Dungeon Overview and Level Annotations

Branches:
Dungeon (3/15)


Innate Abilities, Weirdness & Mutations

You have an increased reservoir of magic. (+10% MP)


Message History

You are very lightly contaminated with residual magic.
You are showered with tiny particles of grit.
You are feeling very hungry.
The hobgoblin hits you but does no damage.
The orc wizard mumbles some strange words.
The orc wizard seems to speed up.
The crimson imp hits you with a +2 dagger of chaos.
* * * LOW HITPOINT WARNING * * *
The crimson imp burns you.
* * * LOW HITPOINT WARNING * * *
Casting: Stone Arrow (safe; 10% risk of failure)
Confirm with . or Enter, or press ? or * to list all spells.
Aiming: Stone Arrow (safe; 10% risk of failure)
Press: ? - help, Shift-Dir - straight line, f/p - crimson imp
Aim: a crimson imp, wielding a +2 dagger of chaos (severely wounded)
The stone arrow misses the crimson imp.
The hobgoblin hits you.
* * * LOW HITPOINT WARNING * * *
The crimson imp hits you but does no damage.
You are electrocuted!
You die...

### #.######..... #.#.........
#.#......... #.#.....o..
#5#.....o##### #@#...........
############# #g#...........
............# #o#...........
......#####.# #.#..5...#####
#####.# #.####.##.##### # #.#
#.........######### # #)#
#..###.#..........# #####.#
#..###.#..........#
....#.#####...##.#..........####


You could see an orc wizard, a crimson imp and a hobgoblin.

Vanquished Creatures
  Grinder (D:3)
  2 crimson imps (D:3)
  A centaur skeleton (D:3)
  2 orc wizards (D:3)
  Jessica (D:3)
  Terence (D:2)
  8 adders
  3 river rats (D:3)
  3 oozes
  4 worms
  A dart slug (D:2)
  5 leopard geckos
  6 orcs (D:3)
  15 bats
  7 giant cockroaches
  11 goblins
  6 hobgoblins
  3 jackals (D:3)
  6 kobolds
  A quokka (D:2)
  7 ball pythons
  A frilled lizard (D:3)
  5 rats
100 creatures vanquished.

Notes
Turn   | Place    | Note
-------+----------+-------------------------------------------
     0 | D:1      | Johnny the Demigod Earth Elementalist began the quest for
                  | the Orb.
     0 | D:1      | Reached XP level 1. HP: 14/14 MP: 5/5
   140 | D:1      | Reached skill level 3 in Earth Magic
   173 | D:1      | Reached XP level 2. HP: 14/20 MP: 0/7
   881 | D:1      | Reached XP level 3. HP: 26/26 MP: 6/9
  1231 | D:2      | Reached skill level 4 in Earth Magic
  1342 | D:2      | Reached XP level 4. HP: 26/33 MP: 6/10
  1551 | D:2      | Found a shimmering blue altar of Sif Muna.
  1615 | D:2      | Noticed Terence
  1623 | D:2      | Killed Terence
  1821 | D:2      | Found a glowing silver altar of Zin.
  1866 | D:2      | Learned a level 2 spell: Passwall
  2110 | D:3      | Reached XP level 5. HP: 26/38 MP: 10/12
  2185 | D:3      | Noticed Grinder
  2186 | D:3      | Reached skill level 5 in Earth Magic
  2327 | D:3      | Killed Grinder
  2327 | D:3      | Reached skill level 6 in Earth Magic
  2327 | D:3      | Reached XP level 6. HP: 41/45 MP: 9/14
  2562 | D:3      | Found a hide-covered altar of Uskayaw.
  2603 | D:3      | Found a shimmering altar of Xom.
  2685 | D:2      | Learned a level 3 spell: Stone Arrow
  2796 | D:3      | Found a burning altar of Makhleb.
  2796 | D:3      | Noticed Jessica
  2813 | D:3      | Killed Jessica
  2906 | D:3      | Reached XP level 7. HP: 16/50 MP: 2/16
  3260 | D:3      | Mangled by a crimson imp

Levels and vault maps discovered:
D:1:      ebering_hopf_link, layout_basic
D:2:      layout_loops_cross, zin_treasury, led_sif_pool, uniq_terence
D:3:      layout_basic, old_standard_altar, lemuel_crystal_altar, led_xom_imps,
          portal_sewer_entry_e, first_ration, uniq_jessica, uniq_grinder

Skill      XL: |  1  2  3  4  5  6 |
---------------+-------------------+-----
Earth Magic    | 3 4 6 |  6.5
Spellcasting   | 2 3 4 |  4.1
Dodging        | |  1.7
Stealth        | |  1.7
Transmutations | |  0.8

Action                   |  1- 3 |  4- 6 |  7- 9 || total
-------------------------+-------+-------+-------++-------
Melee: Unarmed           |    12 |       |       ||    12
       Spear             |    13 |   139 |       ||   152
       Dagger            |       |     4 |    13 ||    17
 Cast: Sandblast         |    60 |    59 |       ||   119
       Stone Arrow       |       |    11 |     5 ||    16
  Use: Scroll            |       |     5 |       ||     5
       Potion            |       |     5 |       ||     5
 Stab: Sleeping          |     1 |     3 |       ||     4
       Distracted        |       |     1 |       ||     1
  Eat: Chunk             |     1 |     6 |     1 ||     8
Armor: Robe              |    15 |    15 |     4 ||    34
       Skin              |       |    13 |       ||    13
Dodge: Dodged            |    41 |   101 |     9 ||   151
